 Dungeon Crawl Stone Soup version 0.19.0 (webtiles) character file.

338 Jerry the Ogre Mage (level 6, -16/61 HPs)
             Began as an Ogre Fire Elementalist on Nov 2, 2016.
             Was an Initiate of Vehumet.
             Demolished by an ogre
             ... wielding a +0 giant spiked club
              (30 damage)
             ... on level 4 of the Dungeon.
             The game lasted 00:14:16 (3936 turns).

Jerry the Ogre Mage (Ogre Fire Elementalist)        Turns: 3936, Time: 00:14:17

Health: -16/61     AC:  3    Str: 14    XL:     6   Next: 55%
Magic:  9/12       EV: 10    Int: 19    God:    Vehumet [......]
Gold:   163        SH:  0    Dex: 10    Spells: 3 memorised, 7 levels left

rFire  . . .     SeeInvis .     j - +2 mace (holy)
rCold  . . .     Gourm    .     a - +0 robe
rNeg   . . .     Faith    .     (no shield)
rPois  .         Spirit   .     (helmet restricted)
rElec  .         Reflect  .     (no cloak)
rCorr  .         Harm     .     (gloves unavailable)
MR     .....                    (boots unavailable)
Stlth  ++........               (no amulet)
                                (no ring)
                                m - +3 ring of intelligence

@: no status effects
A: unfitting armour, tough skin 1
a: Renounce Religion


You were on level 4 of the Dungeon.
You worshipped Vehumet.
Vehumet was noncommittal.
You were near starving.

You visited 1 branch of the dungeon, and saw 4 of its levels.

You collected 163 gold pieces.

Inventory:

Hand Weapons
 j - a +2 mace of holy wrath (weapon)
Missiles
 i - 4 large rocks (quivered)
 r - 9 sling bullets
Armour
 a - a +0 robe (worn)
Jewellery
 m - a +3 ring of intelligence (left hand)
Scrolls
 k - a scroll of recharging
 l - 2 scrolls of identify
Potions
 d - 2 potions of cure mutation
 e - a potion of agility
 f - 2 potions of brilliance
 n - 2 potions of haste
 o - a potion of curing {unknown}
Books
 b - a book of Flames

   Spells                             Type                      Level
   a - Flame Tongue                   Conjuration/Fire             1
   b - Throw Flame                    Conjuration/Fire             2
   c - Conjure Flame                  Conjuration/Fire             3
   d - Inner Flame                    Hexes/Fire                   3
   e - Sticky Flame                   Conjuration/Fire             4
   f - Fireball                       Conjuration/Fire             5
Comestibles
 c - 3 bread rations
 g - 3 meat rations


   Skills:
 + Level 3.5 Fighting
 - Level 1.7 Dodging
 - Level 1.4 Stealth
 + Level 4.2 Spellcasting
 + Level 2.3 Conjurations
 + Level 3.3 Fire Magic


You had 7 spell levels left.
You knew the following spells:

 Your Spells              Type           Power        Failure   Level  Hunger
a - Flame Tongue          Conj/Fire      ###..        6%          1    None
b - Throw Flame           Conj/Fire      ###...       10%         2    #......
c - Conjure Flame         Conj/Fire      ###.....     14%         3    ###....


Dungeon Overview and Level Annotations

Branches:
Dungeon (4/15)
 Temple: D:4-7

Altars:
Ashenzari
Vehumet


Innate Abilities, Weirdness & Mutations

You are too large for most types of armour.
You have tough skin. (AC +1)


Message History

Aim: an ogre, wielding a giant spiked club (moderately wounded)
The flame tongue hits the ogre.
The ogre is heavily wounded.
The ogre barely misses you.
Casting: Flame Tongue
Confirm with . or Enter, or press ? or * to list all spells.
Aiming: Flame Tongue
Press: ? - help, Shift-Dir - straight line, f/p - ogre
Aim: an ogre, wielding a giant spiked club (heavily wounded)
The flame tongue hits the ogre.
The ogre is heavily wounded.
You are too injured to fight recklessly!
You are too injured to fight recklessly!
You are too injured to fight recklessly!
You are too injured to fight recklessly!
You are too injured to fight recklessly!
You barely miss the ogre.
The ogre is heavily wounded.
The ogre hits you with a giant spiked club!!
You die...

#....#....#.#.................
#....#........................
#####...#......###...............
.....................>...........
.#####.........#......#..........
......................#........##
..####.........................#
..####.........#O....##.....####
..#............#@.............
..#.###.......#...............
..#.###.......#....)........
............................
..#.###.#.#(..#..#.....#...
...........................
..#..............#..<......
<.##.......................
..##.#.....................


You could see an ogre.

Vanquished Creatures
  Sigmund (D:3)
  An orc priest (D:3)
  A centaur skeleton (D:4)
  An orc wizard (D:3)
  3 gnolls (D:3)
  An adder (D:3)
  An ooze (D:3)
  2 worms
  2 leopard geckos
  2 orcs (D:3)
  4 giant cockroaches
  4 goblins
  6 hobgoblins
  7 jackals (D:3)
  A quokka (D:4)
  6 bats
  3 frilled lizards
  4 kobolds
  4 rats
54 creatures vanquished.

Vanquished Creatures (others)
  A worm (D:3)
  2 jackals (D:3)
  A goblin (D:3)
4 creatures vanquished.

Grand Total: 58 creatures vanquished

Notes
Turn   | Place    | Note
-------+----------+-------------------------------------------
     0 | D:1      | Jerry the Ogre Fire Elementalist began the quest for the Orb.
     0 | D:1      | Reached XP level 1. HP: 16/16 MP: 3/3
   274 | D:1      | Reached XP level 2. HP: 26/26 MP: 2/5
   278 | D:1      | Learned a level 2 spell: Throw Flame
   851 | D:2      | Reached skill level 1 in Fighting
   963 | D:2      | Found a shattered altar of Ashenzari.
   971 | D:2      | Reached skill level 1 in Conjurations
  1057 | D:2      | Reached XP level 3. HP: 33/33 MP: 5/7
  1062 | D:2      | Learned a level 3 spell: Conjure Flame
  1490 | D:3      | Reached skill level 3 in Spellcasting
  1567 | D:3      | Reached XP level 4. HP: 20/42 MP: 1/8
  1817 | D:3      | Noticed Sigmund
  1842 | D:3      | Killed Sigmund
  1842 | D:3      | Reached XP level 5. HP: 12/53 MP: 0/10
  1842 | D:3      | Reached XP level 6. HP: 14/61 MP: 0/11
  2279 | D:3      | Found a radiant altar of Vehumet.
  2477 | D:3      | Reached skill level 4 in Spellcasting
  3586 | D:3      | Became a worshipper of Vehumet
  3936 | D:4      | Demolished by an ogre

Skill      XL: |  1  2  3  4  5  6 |
---------------+-------------------+-----
Fighting       | 1 3 |  3.5
Conjurations   | 1 2 |  2.3
Spellcasting   | 3 4 |  4.2
Fire Magic     | 3 |  3.3
Dodging        | |  1.7
Stealth        | |  1.4

Action                   |  1- 3 |  4- 6 || total
-------------------------+-------+-------++-------
Melee: Unarmed           |    12 |       ||    12
       Short sword       |    15 |       ||    15
       Mace              |    28 |     9 ||    37
       Hunting sling     |       |     1 ||     1
 Fire: Hunting sling     |       |    54 ||    54
 Cast: Flame Tongue      |    42 |    55 ||    97
  Use: Scroll            |       |    10 ||    10
       Potion            |       |     1 ||     1
  Eat: Chunk             |     2 |     6 ||     8
Armor: Robe              |    22 |    11 ||    33
Dodge: Dodged            |    57 |    22 ||    79
